 Dungeon Crawl Stone Soup version 0.27-a0-1612-gde56a17b89 (webtiles) character file.

Game seed: 5331806904212074999

413 night the Stinger (level 6, -1/37 HPs)
             Began as a Gargoyle Venom Mage on July 21, 2021.
             Slain by a mummy (4 damage)
             ... in an ossuary.
             The game lasted 00:12:24 (4016 turns).

night the Stinger (Gargoyle Venom Mage)             Turns: 4016, Time: 00:12:25

Health: -1/37      AC:  9    Str:  9 (11) XL:     6   Next: 90%
Magic:  11/11      EV: 11    Int: 15 (18) God:
Gold:   137        SH:  0    Dex:  8 (10) Spells: 0/12 levels left

rFire    . . .     SeeInvis .   p - +0 rapier (elec)
rCold    . . .     Faith    .   (no shield)
rNeg     + . .     Spirit   .   a - +0 robe
rPois    ∞         Reflect  .   v - +2 helmet
rElec    +         Harm     .   (no cloak)
rCorr    .         Rampage  .   (no gloves)
Will     .....                  (no boots)
Stlth    ++........             (no amulet)
HPRegen  0.12/turn              (no ring)
MPRegen  0.12/turn              (no ring)

@: mighty, marked, attractive
A: sickness immunity, AC +4, negative energy resistance 1, electricity
resistance, torment resistance 1, petrification resistance
a: no special abilities


You were in an ossuary.
You visited 1 branch of the dungeon, and saw 4 of its levels.
You also visited: Ossuary.

You collected 137 gold pieces.

Inventory:

Hand Weapons
 h - a +0 short sword
 p - a +0 rapier of electrocution (weapon)
 s - a +2 dagger of draining
Missiles
 c - 62 arrows
 i - 29 sling bullets
 k - 20 poisoned darts
 l - 16 stones
 r - 2 boomerangs of dispersal
 t - 5 boomerangs
Armour
 a - a +0 robe (worn)
 v - a +2 helmet (worn)
Magical Staves
 o - a staff of conjuration
Jewellery
 n - a +6 ring of strength
Scrolls
 d - 2 scrolls of teleportation
 q - a scroll of identify
Potions
 g - 2 potions of cancellation


   Skills:
 + Level 3.5 Fighting
 - Level 1.5 Dodging
 - Level 2.1 Stealth
 + Level 3.7 Spellcasting
 + Level 1.0 Conjurations
 + Level 2.2 Translocations
 - Level 0.7 Transmutations
 + Level 4.5 Poison Magic


You couldn't memorise any spells.
You knew the following spells:

 Your Spells              Type           Power      Damage    Failure   Level
a - Sting                 Tmut/Pois      40%        1d5       6%          1
b - Mephitic Cloud        Conj/Pois/Air  8%         N/A       26%         3
c - Iskenderun's Mystic   Conj/Tloc      7%         2d4       67%         4
d - Olgreb's Toxic Radia  Pois           16%        N/A       28%         4

Your spell library contained the following spells:

 Spells                   Type           Power      Damage    Failure   Level
 Blink                    Tloc           N/A        N/A       11%         2
 Poisonous Vapours        Pois/Air       18%        N/A       11%         2
 Magic Dart               Conj           20%        1d4       12%         1
 Lesser Beckoning         Tloc           4%         N/A       22%         3
 Call Imp                 Summ           2%         N/A       28%         2
 Slow                     Hex            2%         N/A       28%         2
 Dazzling Flash           Conj/Hex       8%         N/A       41%         3
 Fulminant Prism          Conj/Hex       2%         3d6       83%         4
 Cause Fear               Hex            1%         N/A       88%         4
 Leda's Liquefaction      Hex/Erth       1%         N/A       88%         4
 Manifold Assault         Tloc           9%         N/A       90%         5
 Starburst                Conj/Fire      2%         8x6d3     100%        6


Dungeon Overview and Level Annotations

Branches:
Dungeon (4/15)            Ossuary (1/1)
 Temple: D:4-7

Altars:

Shops:
D:1 *


Innate Abilities, Weirdness & Mutations

You are immune to sickness and miasma.
Your stone body is resilient. (AC +4)
You are immune to poison.
You resist negative energy. (rN+)
You are resistant to electric shocks. (rElec)
You are resistant to unholy torment.
You are immune to petrification.


Message History

Okay, then.
You aren't carrying any items that you can evoke.
It was a potion of ambrosia.
You are confused.
You feel invigorated.
You feel less invigorated.
You feel less confused.
It was a potion of degeneration.
There was something very wrong with that liquid.
You feel weakened.
You feel dopey.
You feel clumsy.
It was a potion of curing.
You feel better. The hobgoblin zombie barely misses you.
You hit the hobgoblin zombie.
The hobgoblin zombie is heavily damaged.
You hit the mummy but do no damage. You barely miss the mummy.
The mummy hits you! The hobgoblin zombie barely misses you.
You hit the mummy. Lightning courses through the mummy!
The mummy is severely damaged.
The mummy hits you.
* * * LOW HITPOINT WARNING * * *
It was a potion of attraction.
You feel attractive to monsters. The hobgoblin zombie barely misses you.
The mummy hits you!
* * * LOW HITPOINT WARNING * * *
The mummy barely misses you.
Okay, then.
It was a potion of might.
You feel very mighty all of a sudden. The hobgoblin zombie barely misses you.
The mummy closely misses you.
You puncture the hobgoblin zombie!
You destroy the hobgoblin zombie!
The mummy closely misses you. The mummy is pulled toward you!
You hit the mummy. Lightning courses through the mummy!
The mummy is almost destroyed.
The mummy hits you but does no damage. x2; The mummy misses you.
You puncture the mummy!
You destroy the mummy!
The mummy hits you.
You die...

#######
#.#§#.###########
...............M##
§^§.^...........@#
.§Z......∩.∩...MM#
^.Z..^...........#
..§.............##
#.#.#.###########
#######


You could see 3 mummies.

Vanquished Creatures
  Sigmund (D:2)
  2 centaur zombies (Ossuary)
  3 mummies
  A gnoll (D:1)
  6 adders
  5 orcs (D:3)
  10 bats
  9 endoplasms
  3 giant cockroaches
  9 goblins
  8 hobgoblins
  12 jackals
  4 quokkas
  5 ball pythons
  4 frilled lizards
  6 hobgoblin zombies (Ossuary)
  3 kobolds
  6 rats
97 creatures vanquished.

Vanquished Creatures (others)
  4 fungi (D:4)
4 creatures vanquished.

Grand Total: 101 creatures vanquished

Notes
Turn   | Place    | Note
-------+----------+-------------------------------------------
     0 | D:1      | night the Gargoyle Venom Mage began the quest for the Orb.
     0 | D:1      | Reached XP level 1. HP: 10/10 MP: 3/3
    32 | D:1      | Reached skill level 1 in Fighting
    32 | D:1      | Reached XP level 2. HP: 12/16 MP: 0/5
   441 | D:1      | Reached XP level 3. HP: 12/20 MP: 1/6
   662 | D:1      | Found Paagos's Assorted Antiques.
   929 | D:1      | Got the Guide on Malediction
  1373 | D:2      | Learned a level 3 spell: Mephitic Cloud
  1402 | D:2      | Reached skill level 2 in Fighting
  1402 | D:2      | Reached XP level 4. HP: 26/26 MP: 2/8
  2199 | D:2      | Noticed Sigmund
  2216 | D:2      | Killed Sigmund
  2217 | D:2      | Reached skill level 1 in Translocations
  2217 | D:2      | Reached skill level 4 in Poison Magic
  2217 | D:2      | Reached XP level 5. HP: 15/32 MP: 2/10
  2217 | D:2      | Reached XP level 6. HP: 18/37 MP: 2/11
  2444 | D:2      | Found a faded altar of an unknown god.
  3319 | D:3      | Reached skill level 2 in Translocations
  3538 | D:3      | Learned a level 4 spell: Iskenderun's Mystic Blast
  3543 | D:3      | Learned a level 4 spell: Olgreb's Toxic Radiance
  3918 | D:4      | Found a sand-covered staircase.
  3935 | Ossuary  | Entered an ossuary
  3999 | Ossuary  | Reached skill level 1 in Conjurations
  4012 | Ossuary  | HP: 3/37 [mummy (8)]
  4016 | Ossuary  | Slain by a mummy

Illustrated notes

Levels and vault maps discovered:
D:1:      dpeg_arrival_shrine, layout_rooms, serial_shops, shop
D:2:      minmay_inner_zag, layout_basic, hellmonk_ecumenical_altar_dog_temple,
          uniq_sigmund
D:3:      layout_basic, minmay_misc_feat_more_columns, hangedman_decor_points,
          kennysheep_generic_room_5
D:4:      layout_loops_ring, minmay_temple_entry_overgrown,
          nicolae_ossuary_entry_giza, serial_aquarium,
          aquarium_bridge_long_separate [aquarium_subvault_bridge,
          aquarium_subvault_wall, aquarium_subvault_wall,
          aquarium_subvault_bridge, aquarium_subvault_balcony,
          aquarium_subvault_bridge], aquarium_bridge_straight
          [aquarium_subvault_bridge, aquarium_subvault_balcony,
          aquarium_subvault_bridge, aquarium_subvault_wall], aquarium_window_1,
          aquarium_window_3, aquarium_window_1, aquarium_window_fake,
          aquarium_view_2b
Ossuary:  ossuary_the_hunt_dpeg

Skill      XL: |  1  2  3  4  5  6 |
---------------+-------------------+-----
Fighting       | 1 2 3 |  3.5
Spellcasting   | 3 |  3.7
Translocations | 1 2 |  2.2
Poison Magic   | 4 |  4.5
Conjurations   | 1 |  1.0
Dodging        | |  1.5
Stealth        | |  2.1
Transmutations | |  0.7

Action                   |  1- 3 |  4- 6 || total
-------------------------+-------+-------++-------
Melee: Unarmed           |    11 |       ||    11
       Short sword       |    15 |    27 ||    42
       Rapier            |       |    77 ||    77
 Cast: Sting             |    54 |    68 ||   122
       Mephitic Cloud    |       |     3 ||     3
  Use: Scroll            |     3 |     6 ||     9
       Potion            |       |     6 ||     6
 Stab: Confused          |       |     2 ||     2
       Sleeping          |       |     1 ||     1
Armor: Robe              |    27 |    58 ||    85
Dodge: Dodged            |    33 |    93 ||   126

Table legend: (Time is in decaauts)
 A = Elapsed time spent in this place.
 B = Non-inter-level travel time spent in this place.
 C = Inter-level travel time spent in this place.
 D = Time resting spent in this place.
 E = Time spent auto-exploring this place.
 F = Levels seen in this place.
 G = Mean time per level.
                   A        B        C        D        E       F      G
               +--------+--------+--------+--------+--------+-----+--------+
         Total |   4022 |   3902 |    120 |    535 |   2633 |   5 |  804.4 |
       Dungeon |   3949 |   3829 |    120 |    535 |   2633 |   4 |  987.2 |
       Ossuary |     72 |     72 |      0 |      0 |      0 |   1 |   72.0 |
               +--------+--------+--------+--------+--------+-----+--------+

Top non-repeatable levels by time:
     D:2: 1647 daAuts
     D:1: 1305 daAuts
     D:3: 940 daAuts
 Ossuary: 72 daAuts
     D:4: 56 daAuts
